 Dungeon Crawl Stone Soup version 0.27.0-1-g7a089689b8 (webtiles) character file.

Game seed: 16394589865160264229

6097 Gwenloh the Destroyer (level 10, -3/54 HPs)
             Began as a Deep Elf Hedge Wizard on Aug 7, 2021.
             Was a Follower of Vehumet.
             Succumbed to a cane toad's poison
             ... on level 2 of the Lair of Beasts on Aug 8, 2021.
             The game lasted 00:48:35 (11038 turns).

Gwenloh the Destroyer (Deep Elf Hedge Wizard)      Turns: 11038, Time: 00:48:35

Health: -3/54      AC:  5    Str:  7    XL:     10   Next: 58%
Magic:  9/27       EV: 14    Int: 23    God:    Vehumet [*.....]
Gold:   518        SH:  0    Dex: 14    Spells: 16/32 levels left

rFire    . . .     SeeInvis .   a - +2 dagger (distort)
rCold    + . .     Faith    .   (no shield)
rNeg     . . .     Spirit   .   b - +0 robe
rPois    +         Reflect  .   c - +0 hat
rElec    .         Harm     .   f - +1 cloak {Will+}
rCorr    .         Rampage  .   j - +0 pair of gloves {archery}
Will     ++...                  (no boots)
Stlth    ++........             (no amulet)
HPRegen  0.18/turn              l - ring of protection from cold
MPRegen  0.20/turn              w - ring of poison resistance

@: lethally poisoned (-3 -> -18), very slightly contaminated
A: no striking features
a: Renounce Religion


You were on level 2 of the Lair of Beasts.
You worshipped Vehumet.
Vehumet was aware of your devotion.
You visited 3 branches of the dungeon, and saw 11 of its levels.
You also visited: Bailey.

You collected 608 gold pieces.
You spent 90 gold pieces at shops.

Inventory:

Hand Weapons
 a - a +2 dagger of distortion (weapon)
Missiles
 k - 183 stones
Armour
 b - a +0 robe (worn)
 c - a +0 hat (worn)
 f - a +1 cloak of willpower (worn)
 j - a +0 pair of gloves of archery (worn)
Magical Staves
 g - a staff of poison
 C - a staff of air
Jewellery
 l - a ring of protection from cold (left hand)
 n - a +6 ring of dexterity
 s - a ring of see invisible
 u - a ring of magical power
 w - a ring of poison resistance (right hand)
 I - an amulet of faith
Wands
 E - a wand of polymorph (14)
Scrolls
 e - 2 scrolls of blinking
 p - 2 scrolls of immolation
 r - 3 scrolls of amnesia
 y - a scroll of torment
 z - 2 scrolls of brand weapon
 B - 2 scrolls of teleportation {unknown}
 G - a scroll of vulnerability {unknown}
 J - 2 scrolls of summoning
 K - 2 scrolls of magic mapping {unknown}
 L - a scroll of fog {unknown}
Potions
 d - a potion of cancellation {unknown}
 h - 2 potions of heal wounds {unknown}
 i - 5 potions of curing {unknown}
 m - 4 potions of might
 o - a potion of haste {unknown}
 q - a potion of lignification {unknown}
 t - 2 potions of invisibility {unknown}
 v - a potion of ambrosia {unknown}
 x - a potion of magic {unknown}
 A - 2 potions of brilliance {unknown}
 D - a potion of mutation {unknown}
 F - a potion of attraction {unknown}
 H - 3 potions of flight {unknown}


   Skills:
 + Level 2.6 Fighting
 + Level 5.8 Dodging
 - Level 2.4 Stealth
 + Level 11.6 Spellcasting
 * Level 11.9 Conjurations
 - Level 1.1 Summonings
 - Level 1.1 Translocations
 - Level 5.0 Fire Magic
 - Level 3.0 Poison Magic


You had 16 spell levels left.
You knew the following spells:

 Your Spells              Type           Power      Damage    Failure   Level
a - Magic Dart            Conj           100%       1d8       1%          1
b - Blink                 Tloc           N/A        N/A       4%          2
c - Mephitic Cloud        Conj/Pois/Air  36%        N/A       1%          3
d - Iskenderun's Battles  Conj           62%        2d11      1%          5
e - Fireball              Conj/Fire      25%        3d11      4%          5

Your spell library contained the following spells:

 Spells                   Type           Power      Damage    Failure   Level
 Foxfire                  Conj/Fire      100%       2x1d9     1%          1
 Conjure Flame            Conj/Fire      51%        6-21      1%          3
 Dazzling Flash           Conj/Hex       80%        N/A       1%          3
 Call Imp                 Summ           18%        N/A       4%          2
 Slow                     Hex            13%        N/A       8%          2
 Orb of Destruction       Conj           31%        9d12      30%         7
 Summon Ice Beast         Ice/Summ       15%        N/A       36%         4
 Conjure Ball Lightning   Conj/Air       20%        3x3d6     54%         6
 Agony                    Necr           13%        N/A       80%         5
 Silence                  Hex/Air        6%         N/A       80%         5
 Spellforged Servitor     Conj/Summ      21%        N/A       95%         7
 Malign Gateway           Summ/Tloc      9%         N/A       100%        7


Dungeon Overview and Level Annotations

Branches:
Dungeon (8/15)             Temple (1/1) D:5            Lair (2/6) D:8
 Bailey (visited)
  Swamp: Lair:2-4    Shoals: Lair:2-4     Snake: Lair:2-4    Spider: Lair:2-4

Altars:
Ashenzari
Cheibriados
Dithmenos
Elyvilon
Fedhas
Gozag
Hepliaklqana
Kikubaaqudgha
Makhleb
Nemelex Xobeh
Okawaru
Qazlal
Ru
Sif Muna
Trog
Uskayaw
Vehumet
Wu Jian
Xom
Yredelemnul
Zin
The Shining One

Shops:
D:4 *

Annotations:
D:6 2 transporters, coffeespoons's ghost, novice MiMo


Message History

Confirm with . or Enter, or press ? or * to list all spells.
You miscast Iskenderun's Battlesphere.
You are very lightly contaminated with residual magic.
Nothing appears to happen.
The cane toad closely misses you.
Casting: Iskenderun's Battlesphere (dangerous; 1% risk of failure)
Confirm with . or Enter, or press ? or * to list all spells.
You conjure a globe of magical energy.
The cane toad barely misses you.
Casting: Iskenderun's Battlesphere (dangerous; 1% risk of failure)
Confirm with . or Enter, or press ? or * to list all spells.
Aiming: Magic Dart (safe; 1% risk of failure)
Press: ? - help, Shift-Dir - straight line, f/p - cane toad
Aim: a cane toad (heavily wounded, 100% to hit)
The magic dart hits the cane toad but does no damage.
The cane toad is heavily wounded.
Your battlesphere fires!
The barrage of energy hits the cane toad.
The cane toad is severely wounded.
The cane toad stings you!!
Casting: Magic Dart (safe; 1% risk of failure)
Confirm with . or Enter, or press ? or * to list all spells.
Aiming: Magic Dart (safe; 1% risk of failure)
Press: ? - help, Shift-Dir - straight line, f/p - cane toad
Aim: a cane toad (severely wounded, ally target, 100% to hit)
The magic dart hits the cane toad but does no damage.
The cane toad is severely wounded.
Your battlesphere fires!
The barrage of energy hits the cane toad!
The cane toad is almost dead.
The cane toad stings you! x2
* * * LOW HITPOINT WARNING * * *
You are lethally poisoned!
The cane toad poisons you!
Casting: Magic Dart (safe; 1% risk of failure)
Confirm with . or Enter, or press ? or * to list all spells.
Aiming: Magic Dart (safe; 1% risk of failure)
Press: ? - help, Shift-Dir - straight line, f/p - cane toad
Aim: a cane toad (almost dead, ally target, 100% to hit)
The magic dart hits the cane toad but does no damage.
The cane toad is almost dead.
You die...

....... .......
....... ...#
....... P....
....... .....## ###
.......
#....#P##.##.......
#......#P..F.......
#.....#...@#......
#.....*#### ....#
##.....#.# #..#
##.......## ##
.>..P.....# ###
P..###...## #.###
F. #P..## ###..## .
#...P###.....###
##.†##.#.....<.#


You could see a cane toad (ally target) and a friendly battlesphere.

Vanquished Creatures
  A hydra (Lair:2)
  A two-headed ogre (D:8)
  A black mamba (Lair:1)
  2 cane toads (Lair:1)
  3 komodo dragons
  A polar bear (Lair:2)
  A wyvern (Lair:1)
  An orc warrior (D:8)
  4 water moccasins
  An ice beast (D:6)
  2 necrophages
  3 ogres
  2 kobold brigands (D:7)
  4 lemures (D:7)
  A wyvern zombie (D:8)
  3 scorpions
  A wyvern skeleton (D:7)
  3 wights (D:8)
  A centaur zombie (D:8)
  A hound (D:7)
  4 orc priests
  A jelly (D:7)
  Crazy Yiuf (D:5)
  A bullfrog skeleton (D:4)
  A centaur skeleton (D:2)
  3 iguanas
  3 orc wizards
  2 killer bee zombies
  3 gnolls (D:5)
  8 adders
  A river rat (D:6)
  A shadow imp (D:7)
  A white imp (D:6)
  3 worms
  A dart slug (D:4)
  16 orcs
  2 bats
  8 endoplasms
  5 giant cockroaches
  5 goblins
  2 hobgoblins (D:4)
  3 jackals (D:4)
  4 quokkas
  5 ball pythons
  5 frilled lizards
  11 kobolds
  9 rats
146 creatures vanquished.

Vanquished Creatures (collateral kills)
  Pikel (D:7)
1 creature vanquished.

Vanquished Creatures (others)
  2 fungi (Lair:1)
  A plant (Lair:2)
3 creatures vanquished.

Grand Total: 150 creatures vanquished

Notes
Turn   | Place    | Note
-------+----------+-------------------------------------------
     0 | D:1      | Gwenloh the Deep Elf Hedge Wizard began the quest for the
                  | Orb.
     0 | D:1      | Reached XP level 1. HP: 10/10 MP: 7/7
   103 | D:1      | Found a faded altar of an unknown god.
   434 | D:1      | Reached XP level 2. HP: 15/15 MP: 7/9
   437 | D:1      | Learned a level 2 spell: Blink
   853 | D:2      | Reached skill level 5 in Spellcasting
  1260 | D:2      | Reached XP level 3. HP: 19/19 MP: 8/11
  1529 | D:2      | Reached XP level 4. HP: 24/24 MP: 9/13
  2087 | D:3      | Got Dispater's Handbook of Companions
  3287 | D:4      | Found Hacy's General Store.
  3294 | D:4      | Bought a scroll of enchant weapon for 90 gold pieces
  3308 | D:4      | Reached XP level 5. HP: 28/28 MP: 12/15
  3328 | D:4      | Noticed an ogre
  4173 | D:5      | Entered Level 5 of the Dungeon
  4173 | D:5      | Noticed an orc warrior
  4461 | D:4      | Learned a level 3 spell: Mephitic Cloud
  4489 | D:4      | Killed an ogre
  4490 | D:4      | Reached XP level 6. HP: 32/32 MP: 11/18
  4642 | D:5      | Reached skill level 5 in Conjurations
  4831 | D:5      | Reached skill level 1 in Poison Magic
  4943 | D:5      | Found a runed translucent door.
  4944 | D:5      | Noticed Crazy Yiuf
  5410 | D:5      | Found a staircase to the Ecumenical Temple.
  5428 | D:5      | Reached XP level 7. HP: 36/36 MP: 14/20
  5429 | Temple   | Entered the Ecumenical Temple
  5786 | Temple   | Became a worshipper of Vehumet
  6060 | D:5      | Killed Crazy Yiuf
  6219 | D:5      | Learned a level 5 spell: Iskenderun's Battlesphere
  6393 | D:6      | Found a blossoming altar of Fedhas.
  6508 | D:6      | Noticed coffeespoons's ghost (novice MiMo)
  6693 | D:6      | Reached XP level 8. HP: 28/41 MP: 11/22
  6811 | D:6      | Found a transporter.
  6822 | D:6      | Learned a level 5 spell: Fireball
  6868 | D:6      | Found a transporter.
  7270 | D:6      | Reached skill level 1 in Fire Magic
  7596 | D:7      | Found a flagged portal.
  7608 | Bailey   | Entered a bailey
  8072 | D:7      | Reached * piety under Vehumet
  8072 | D:7      | Offered knowledge of Foxfire by Vehumet.
  8470 | D:7      | Noticed Pikel
  8504 | D:7      | Killed Pikel
  8505 | D:7      | Reached skill level 10 in Spellcasting
  8505 | D:7      | Reached XP level 9. HP: 16/45 MP: 3/25
  9204 | D:8      | Found a shimmering altar of Xom.
  9204 | D:8      | Found a shimmering altar of Xom.
  9205 | D:8      | Found a shimmering altar of Xom.
  9205 | D:8      | Found a shimmering altar of Xom.
  9205 | D:8      | Found a shimmering altar of Xom.
  9351 | D:8      | Reached skill level 10 in Conjurations
  9352 | D:8      | Found a staircase to the Lair.
  9544 | D:8      | Found a bloodstained altar of Trog.
  9551 | D:8      | Found a snail-covered altar of Cheibriados.
  9682 | D:8      | Noticed a two-headed ogre
  9689 | D:8      | Killed a two-headed ogre
  9881 | Lair:1   | Entered Level 1 of the Lair of Beasts
  9889 | Lair:1   | Identified the +7 falchion "Puebilem" {holy, Fly rCorr
                  | Int-2 Stlth+}
  9992 | Lair:1   | Reached skill level 5 in Fire Magic
 10068 | Lair:1   | Noticed a komodo dragon
 10078 | Lair:1   | Killed a komodo dragon
 10136 | Lair:1   | Noticed a cane toad
 10144 | Lair:1   | Killed a cane toad
 10145 | Lair:1   | Reached skill level 1 in Fighting
 10145 | Lair:1   | Reached XP level 10. HP: 37/52 MP: 17/27
 10249 | Lair:1   | Noticed a cane toad
 10258 | Lair:1   | Killed a cane toad
 10306 | Lair:1   | Noticed a black mamba
 10314 | Lair:1   | Killed a black mamba
 10459 | Lair:1   | Reached skill level 5 in Dodging
 10997 | Lair:2   | Noticed a four-headed hydra
 11014 | Lair:2   | Killed a four-headed hydra
 11029 | Lair:2   | Noticed a cane toad
 11037 | Lair:2   | HP: 1/54 [cane toad (17)]
 11038 | Lair:2   | Succumbed to a cane toad's poison

Illustrated notes

Levels and vault maps discovered:
D:1:      ncdulo_smallfort, layout_basic, ebering_ecumenical_altar_sacrificial
D:2:      layout_loops_ring, corexii_hall_statues_i, minmay_tiny_reverse_x
D:3:      layout_loops_ring, columned_hall_lemuel, kennysheep_donut,
          due_unseen_surprise
D:4:      layout_loops_ring, serial_shops, shop
D:5:      layout_layer_cave, temple_pool_b, uniq_crazy_yiuf_cottage
D:6:      layout_gridville, fedhas_altar_3, gup_sewer_entry_bubbles,
          gammafunk_ghost_arena
D:7:      layout_gridville, enter_bailey_2, minmay_misc_feat_plants, uniq_pikel
D:8:      layout_cave_pools, xom_shifter_show, amethyst_overflow_temple_binary,
          lair_entry_dummy
Temple:   hc_temple_tempest_star
Lair:1:   layout_long_grid
Lair:2:   layout_cave_pods

Skill      XL: |  1  2  3  4  5  6  7  8  9 10 |
---------------+-------------------------------+-----
Conjurations   | 2 3 4 5 7 9 11 | 11.9
Spellcasting   | 5 6 7 8 10 11 | 11.6
Poison Magic   | 1 3 |  3.0
Fire Magic     | 3 5 |  5.0
Dodging        | 4 5 |  5.8
Fighting       | 1 2 |  2.6
Stealth        | |  2.4
Summonings     | |  1.1
Translocations | |  1.1

Action                   |  1- 3 |  4- 6 |  7- 9 | 10-12 || total
-------------------------+-------+-------+-------+-------++-------
Melee: Dagger            |    12 |    22 |    27 |     1 ||    62
 Cast: Magic Dart        |    66 |   127 |   208 |    36 ||   437
       Blink             |       |     2 |     2 |     6 ||    10
       Mephitic Cloud    |       |     4 |     5 |     1 ||    10
       Iskenderun's Batt |       |       |    24 |     7 ||    31
  Use: Scroll            |       |     2 |    11 |       ||    13
Armor: Robe              |     3 |     3 |     6 |       ||    12
Dodge: Dodged            |    11 |    20 |    34 |     4 ||    69
